[ AOE2 MATCH · #478006912 ]
UnrankedItalians vs Bohemians
[ REPLAY ANALYSIS · EXTRACTED FROM THE RECORDED GAME ]
Feudal
12:44
Castle
16:16
Imperial
34:39
| APM avg | 42.3 |
| APM peak | 82 |
| eAPM avg | 24.9 |
| Villagers / military | 172 / 96 |
Focus
⚔️ 25.7% · 🌾 74.3%
Unknown (882) ×147 · Hand Cannoneer ×56 · Genoese Crossbowman ×37 · Fishing Ship ×23 · Mangonel ×2 · Cavalry Archer ×1
Feudal
14:34
Castle
20:09
Imperial
39:03
| APM avg | 67.1 |
| APM peak | 117 |
| eAPM avg | 45.9 |
| Villagers / military | 172 / 218 |
Focus
⚔️ 48.2% · 🌾 51.8%
Skirmisher ×72 · Archer ×71 · Hand Cannoneer ×63 · Fishing Ship ×27 · Bombard Cannon ×6 · Monk ×3
Feudal
11:59
Castle
28:03
Imperial
44:32
| APM avg | 42.7 |
| APM peak | 69 |
| eAPM avg | 20.2 |
| Villagers / military | 111 / 96 |
Focus
⚔️ 27.9% · 🌾 72.1%
Knight ×74 · Scout Cavalry ×21 · Spearman ×1
Feudal
17:10
Castle
21:05
Imperial
—
| APM avg | 31.8 |
| APM peak | 72 |
| eAPM avg | 15.6 |
| Villagers / military | 115 / 56 |
Focus
⚔️ 37.0% · 🌾 63.0%
Spearman ×44 · Knight ×12
Feudal
14:50
Castle
18:25
Imperial
34:59
| APM avg | 79.3 |
| APM peak | 218 |
| eAPM avg | 49.5 |
| Villagers / military | 156 / 196 |
Focus
⚔️ 73.4% · 🌾 26.6%
Camel Archer ×103 · Knight ×65 · Mangonel ×8 · Trebuchet (Packed) ×6 · Battering Ram ×5 · Monk ×4
Feudal
13:18
Castle
26:05
Imperial
48:22
| APM avg | 48.8 |
| APM peak | 89 |
| eAPM avg | 28.7 |
| Villagers / military | 183 / 102 |
Focus
⚔️ 20.1% · 🌾 79.9%
Fire Lancer ×45 · Militia ×40 · Battering Ram ×10 · Spearman ×4 · Scout Cavalry ×3
Feudal
13:00
Castle
17:47
Imperial
40:43
| APM avg | 23.5 |
| APM peak | 44 |
| eAPM avg | 15.4 |
| Villagers / military | 147 / 105 |
Focus
⚔️ 29.5% · 🌾 70.5%
Archer ×100 · Trebuchet (Packed) ×4 · Monk ×1
Feudal
11:40
Castle
24:33
Imperial
—
| APM avg | 28.1 |
| APM peak | 73 |
| eAPM avg | 13.2 |
| Villagers / military | 213 / 87 |
Focus
⚔️ 27.4% · 🌾 72.6%
Knight ×70 · Scout Cavalry ×13 · Spearman ×4
Match map
Initial resources + every placement click. Lines = walls · curves = elevation contours. ◆ gold · ⬟ stone · ● berries · ✦ relic · ◌ wall gap
Your base· Open — unwalled flank
twitch.tv/s0laf1d3's base· Open — unwalled flank
krishbinp's base· Open — unwalled flank
mr.greeeeen's base· Open — unwalled flank
KIV.4dd44's base· Open — unwalled flank
grapejuice's base· Open — unwalled flank
Ivan_fan_of_Mafusail's base· Open — unwalled flank
Lord Snow's base· Open — unwalled flank
Smoothed initial terrain · ◌ = detected wall gap · hover for details
Inputs per minute
— KIV.Theo - - twitch.tv/s0laf1d3
Build order — KIV.Theo
First 150 of 490 actions detected
| 0:16 | Build | Town Center |
| 0:37 | Build | House |
| 0:40 | Build | House |
| 2:29 | Create | Villager (Male) |
| 2:29 | Create | Villager (Male) |
| 2:29 | Create | Villager (Male) |
| 2:29 | Create | Villager (Male) |
| 2:30 | Create | Villager (Male) |
| 3:57 | Create | Villager (Male) |
| 4:02 | Create | Villager (Male) |
| 4:25 | Create | Villager (Male) |
| 4:40 | Build | Lumber Camp |
| 4:55 | Create | Villager (Male) |
| 5:22 | Create | Villager (Male) |
| 5:22 | Create | Villager (Male) |
| 5:23 | Create | Villager (Male) |
| 6:13 | Create | Villager (Male) |
| 6:18 | Build | House |
| 6:19 | Build | House |
| 6:34 | Create | Villager (Male) |
| 6:51 | Create | Villager (Male) |
| 6:51 | Create | Villager (Male) |
| 6:53 | Build | Mill |
| 7:15 | Create | Villager (Male) |
| 7:15 | Create | Villager (Male) |
| 7:49 | Create | Villager (Male) |
| 8:07 | Create | Villager (Male) |
| 8:36 | Create | Villager (Male) |
| 9:18 | Create | Villager (Male) |
| 9:58 | Build | Palisade Wall |
| 10:03 | Build | Palisade Wall |
| 10:06 | Build | Palisade Wall |
| 10:18 | Build | Mining Camp |
| 10:34 | Research | Feudal Age |
| 11:19 | Build | Mill |
| 11:31 | Create | Villager (Male) |
| 11:31 | Create | Villager (Male) |
| 12:44 | Age | Feudal Age |
| 12:45 | Build | Blacksmith |
| 12:46 | Build | Market |
| 13:01 | Research | Double-Bit Axe |
| 13:30 | Build | Mining Camp |
| 13:36 | Research | Castle Age |
| 13:36 | Research | Castle Age |
| 14:15 | Research | Horse Collar |
| 14:41 | Create | Villager (Male) |
| 14:43 | Create | Villager (Male) |
| 15:08 | Build | Lumber Camp |
| 16:05 | Research | Fletching |
| 16:16 | Age | Castle Age |
| 16:45 | Build | Town Center |
| 16:47 | Research | Bow Saw |
| 16:51 | Research | Loom |
| 17:04 | Create | Villager (Male) |
| 17:07 | Build | House |
| 17:09 | Build | House |
| 17:53 | Create | Villager (Male) |
| 18:05 | Build | Castle |
| 18:08 | Create | Villager (Male) |
| 18:34 | Create | Villager (Male) |
| 18:34 | Create | Villager (Male) |
| 18:48 | Build | Farm |
| 18:49 | Build | Farm |
| 18:58 | Create | Villager (Male) |
| 19:02 | Create | Villager (Male) |
| 19:02 | Create | Villager (Male) |
| 19:02 | Create | Villager (Male) |
| 19:23 | Create | Genoese Crossbowman |
| 19:23 | Create | Genoese Crossbowman |
| 19:27 | Build | Farm |
| 19:55 | Build | Mill |
| 20:00 | Create | Villager (Male) |
| 20:00 | Create | Villager (Male) |
| 20:04 | Create | Genoese Crossbowman ×2 |
| 20:31 | Create | Villager (Male) |
| 20:31 | Create | Villager (Male) |
| 20:39 | Create | Genoese Crossbowman ×3 |
| 20:39 | Create | Genoese Crossbowman ×3 |
| 20:54 | Create | Villager (Male) |
| 21:05 | Build | Dock |
| 21:09 | Create | Villager (Male) |
| 21:09 | Create | Villager (Male) |
| 21:23 | Create | Villager (Male) |
| 21:32 | Build | Farm |
| 21:35 | Create | Genoese Crossbowman |
| 21:36 | Create | Genoese Crossbowman |
| 21:36 | Create | Genoese Crossbowman |
| 21:45 | Create | Villager (Male) |
| 21:52 | Create | Villager (Male) |
| 21:53 | Create | Villager (Male) |
| 21:53 | Create | Villager (Male) |
| 21:58 | Build | Farm |
| 22:00 | Build | Farm |
| 22:02 | Create | Fishing Ship |
| 22:02 | Create | Fishing Ship |
| 22:13 | Create | Villager (Male) |
| 22:33 | Build | Siege Workshop |
| 22:38 | Create | Villager (Male) |
| 22:38 | Create | Villager (Male) |
| 22:38 | Create | Villager (Male) |
| 22:56 | Research | Gold Mining |
| 22:57 | Create | Villager (Male) |
| 23:02 | Create | Genoese Crossbowman |
| 23:03 | Create | Genoese Crossbowman |
| 23:07 | Create | Villager (Male) |
| 23:12 | Build | Fish Trap |
| 23:17 | Create | Villager (Male) |
| 23:17 | Create | Villager (Male) |
| 23:32 | Build | House |
| 23:34 | Build | House |
| 23:48 | Create | Villager (Male) |
| 23:48 | Create | Villager (Male) |
| 24:06 | Research | Bodkin Arrow |
| 24:06 | Research | Bodkin Arrow |
| 24:11 | Create | Genoese Crossbowman ×5 |
| 24:11 | Create | Genoese Crossbowman ×5 |
| 24:11 | Create | Genoese Crossbowman |
| 24:29 | Create | Mangonel |
| 24:32 | Build | House |
| 24:32 | Build | House |
| 24:40 | Build | Fish Trap |
| 24:41 | Create | Villager (Male) |
| 24:41 | Create | Villager (Male) |
| 24:41 | Create | Villager (Male) |
| 24:44 | Create | Fishing Ship |
| 24:44 | Create | Fishing Ship |
| 25:00 | Create | Villager (Male) |
| 25:01 | Create | Villager (Male) |
| 25:01 | Create | Villager (Male) |
| 25:02 | Create | Villager (Male) |
| 25:13 | Create | Villager (Male) |
| 25:13 | Create | Villager (Male) |
| 25:19 | Build | University |
| 25:35 | Build | Fish Trap |
| 25:47 | Build | Mining Camp |
| 25:54 | Create | Genoese Crossbowman |
| 25:54 | Create | Genoese Crossbowman |
| 25:55 | Create | Villager (Male) |
| 25:55 | Create | Villager (Male) |
| 26:07 | Build | Town Center |
| 26:20 | Build | House |
| 26:28 | Create | Villager (Male) |
| 26:37 | Create | Villager (Male) |
| 26:38 | Create | Villager (Male) |
| 26:39 | Create | Villager (Male) |
| 26:39 | Create | Villager (Male) |
| 26:44 | Build | Fish Trap |
| 26:48 | Build | House |
| 26:49 | Build | House |
| 26:49 | Build | House |
Build order — twitch.tv/s0laf1d3
First 150 of 645 actions detected
| 0:17 | Build | Town Center |
| 2:37 | Create | Villager (Male) |
| 2:37 | Create | Villager (Male) |
| 2:38 | Create | Villager (Male) |
| 2:40 | Build | House |
| 2:41 | Build | House |
| 2:42 | Create | Villager (Male) |
| 3:55 | Create | Villager (Male) |
| 4:27 | Create | Villager (Male) |
| 4:38 | Build | Lumber Camp |
| 4:54 | Create | Villager (Male) |
| 5:13 | Create | Villager (Male) |
| 5:37 | Create | Villager (Male) |
| 5:49 | Build | House |
| 6:03 | Build | House |
| 6:16 | Create | Villager (Male) |
| 6:42 | Build | Dock |
| 6:45 | Create | Villager (Male) |
| 6:57 | Build | House |
| 7:03 | Create | Villager (Male) |
| 7:29 | Create | Villager (Male) |
| 7:35 | Create | Fishing Ship |
| 8:01 | Create | Villager (Male) |
| 8:03 | Create | Villager (Male) |
| 8:11 | Research | Loom |
| 8:11 | Research | Loom |
| 8:23 | Create | Fishing Ship |
| 8:34 | Build | House |
| 8:41 | Create | Villager (Male) |
| 8:52 | Build | House |
| 8:59 | Build | House |
| 9:02 | Build | House |
| 9:13 | Build | House |
| 9:41 | Create | Fishing Ship |
| 9:43 | Create | Villager (Male) |
| 9:57 | Create | Villager (Male) |
| 10:00 | Create | Fishing Ship |
| 10:05 | Build | House |
| 10:34 | Create | Villager (Male) |
| 10:36 | Create | Fishing Ship |
| 10:36 | Create | Villager (Male) |
| 10:41 | Build | House |
| 10:58 | Build | House |
| 10:59 | Build | House |
| 11:27 | Create | Fishing Ship |
| 11:48 | Build | House |
| 11:59 | Create | Villager (Male) |
| 12:04 | Research | Feudal Age |
| 12:04 | Research | Feudal Age |
| 12:24 | Create | Fishing Ship |
| 12:29 | Build | House |
| 12:31 | Build | Palisade Wall |
| 12:33 | Build | Palisade Wall |
| 12:52 | Create | Fishing Ship |
| 13:25 | Create | Fishing Ship |
| 13:54 | Build | Mill |
| 14:11 | Create | Fishing Ship |
| 14:15 | Build | Palisade Gate |
| 14:19 | Create | Villager (Male) |
| 14:20 | Create | Villager (Male) |
| 14:34 | Age | Feudal Age |
| 14:48 | Research | Double-Bit Axe |
| 14:49 | Research | Double-Bit Axe |
| 14:58 | Build | Fish Trap |
| 15:03 | Build | Fish Trap |
| 15:12 | Research | Tech 906 |
| 15:12 | Research | Tech 906 |
| 15:13 | Create | Villager (Male) |
| 15:14 | Create | Villager (Male) |
| 15:37 | Create | Fishing Ship |
| 15:47 | Build | Fish Trap |
| 15:51 | Create | Villager (Male) |
| 16:32 | Create | Villager (Male) |
| 16:34 | Build | Market |
| 16:36 | Build | Blacksmith |
| 17:01 | Create | Villager (Male) |
| 17:03 | Build | Fish Trap |
| 17:08 | Build | Fish Trap |
| 17:16 | Research | Castle Age |
| 17:17 | Research | Castle Age |
| 17:24 | Build | Fish Trap |
| 17:43 | Build | Fish Trap |
| 17:44 | Create | Villager (Male) |
| 18:04 | Create | Fishing Ship |
| 19:59 | Create | Fishing Ship |
| 20:09 | Build | Mill |
| 20:09 | Age | Castle Age |
| 20:16 | Build | Town Center |
| 20:20 | Research | Bow Saw |
| 20:28 | Build | Town Center |
| 20:36 | Create | Villager (Male) |
| 20:44 | Research | Gillnets |
| 20:53 | Create | Villager (Male) |
| 20:59 | Create | Villager (Male) |
| 21:06 | Create | Villager (Male) |
| 21:11 | Create | Villager (Male) |
| 21:15 | Build | Monastery |
| 21:17 | Create | Villager (Male) |
| 21:20 | Create | Villager (Male) |
| 21:23 | Create | Villager (Male) |
| 21:30 | Create | Villager (Male) |
| 21:35 | Build | Dock |
| 21:38 | Create | Villager (Male) |
| 21:44 | Build | Fish Trap |
| 21:49 | Create | Villager (Male) |
| 21:52 | Research | Wheelbarrow |
| 22:02 | Create | Villager (Male) |
| 22:04 | Create | Villager (Male) |
| 22:10 | Research | Fervor |
| 22:13 | Create | Villager (Male) |
| 22:21 | Build | Fish Trap |
| 22:24 | Build | Fish Trap |
| 22:29 | Build | Fish Trap |
| 22:30 | Create | Villager (Male) |
| 22:35 | Create | Villager (Male) |
| 22:43 | Build | Fish Trap |
| 22:46 | Build | Fish Trap |
| 22:46 | Create | Villager (Male) |
| 22:47 | Build | House |
| 22:48 | Build | House |
| 22:49 | Build | House |
| 22:50 | Build | House |
| 22:51 | Build | House |
| 22:57 | Create | Villager (Male) |
| 23:00 | Research | Sanctity |
| 23:01 | Create | Villager (Male) |
| 23:03 | Create | Villager (Male) |
| 23:11 | Build | Town Center |
| 23:14 | Create | Villager (Male) |
| 23:16 | Create | Villager (Male) |
| 23:17 | Build | House |
| 23:18 | Build | House |
| 23:19 | Create | Villager (Male) |
| 23:24 | Create | Villager (Male) |
| 23:25 | Create | Fishing Ship |
| 23:27 | Create | Fishing Ship |
| 23:31 | Research | Town Watch |
| 23:31 | Research | Town Watch |
| 23:33 | Create | Villager (Male) |
| 23:53 | Build | Siege Workshop |
| 23:53 | Create | Villager (Male) |
| 24:11 | Build | Barracks |
| 24:13 | Create | Villager (Male) |
| 24:19 | Build | Fish Trap |
| 24:36 | Create | Mangonel |
| 24:37 | Create | Villager (Male) |
| 24:41 | Build | University |
| 24:44 | Create | Villager (Male) |
| 24:44 | Create | Villager (Male) |
| 24:46 | Research | Hand Cart |
Build order — krishbinp
First 150 of 354 actions detected
| 0:49 | Build | Town Center |
| 2:49 | Create | Villager (Male) |
| 2:49 | Create | Villager (Male) |
| 2:50 | Create | Villager (Male) |
| 2:50 | Create | Villager (Male) |
| 2:50 | Create | Villager (Male) |
| 2:51 | Create | Villager (Male) |
| 3:45 | Research | Loom |
| 3:48 | Build | House |
| 3:50 | Build | House |
| 3:53 | Create | Villager (Male) |
| 3:53 | Create | Villager (Male) |
| 3:54 | Create | Villager (Male) |
| 3:54 | Create | Villager (Male) |
| 4:30 | Create | Villager (Male) |
| 5:24 | Create | Villager (Male) |
| 5:24 | Create | Villager (Male) |
| 5:32 | Build | Lumber Camp |
| 5:51 | Create | Villager (Male) |
| 5:57 | Create | Villager (Male) |
| 6:40 | Create | Villager (Male) |
| 6:48 | Build | Lumber Camp |
| 7:01 | Create | Villager (Male) |
| 7:06 | Build | House |
| 7:26 | Create | Villager (Male) |
| 7:41 | Create | Villager (Male) |
| 7:49 | Create | Villager (Male) |
| 8:01 | Create | Villager (Male) |
| 8:04 | Create | Villager (Male) |
| 8:16 | Create | Villager (Male) |
| 8:18 | Create | Villager (Male) |
| 8:41 | Build | Mill |
| 8:59 | Create | Villager (Male) |
| 9:21 | Build | House |
| 9:55 | Research | Feudal Age |
| 11:07 | Create | Villager (Male) |
| 11:07 | Create | Villager (Male) |
| 11:15 | Build | Barracks |
| 11:59 | Age | Feudal Age |
| 12:33 | Build | Stable |
| 12:46 | Create | Villager (Male) |
| 12:47 | Create | Villager (Male) |
| 13:02 | Create | Villager (Male) |
| 13:08 | Create | Villager (Male) |
| 13:22 | Create | Scout Cavalry |
| 13:22 | Create | Scout Cavalry |
| 13:28 | Build | Stable |
| 13:32 | Create | Villager (Male) |
| 13:54 | Build | House |
| 14:02 | Research | Wheelbarrow |
| 14:12 | Build | House |
| 14:21 | Create | Spearman |
| 14:27 | Create | Scout Cavalry |
| 14:37 | Create | Scout Cavalry |
| 14:57 | Create | Scout Cavalry |
| 15:10 | Create | Scout Cavalry |
| 15:13 | Create | Scout Cavalry |
| 15:48 | Create | Villager (Male) |
| 15:48 | Create | Villager (Male) |
| 15:59 | Build | House |
| 16:04 | Build | House |
| 16:09 | Build | Palisade Wall |
| 16:19 | Create | Villager (Male) |
| 16:31 | Create | Scout Cavalry |
| 16:43 | Create | Villager (Male) |
| 17:03 | Create | Villager (Male) |
| 17:10 | Create | Scout Cavalry |
| 17:38 | Create | Scout Cavalry |
| 17:44 | Build | Blacksmith |
| 17:52 | Create | Scout Cavalry |
| 17:53 | Create | Scout Cavalry |
| 18:08 | Create | Scout Cavalry |
| 18:29 | Research | Scale Barding Armor |
| 18:31 | Create | Villager (Male) |
| 18:32 | Create | Villager (Male) |
| 18:56 | Create | Scout Cavalry |
| 18:56 | Create | Scout Cavalry |
| 19:03 | Create | Villager (Male) |
| 19:14 | Create | Villager (Male) |
| 19:47 | Create | Scout Cavalry |
| 19:47 | Create | Scout Cavalry |
| 20:20 | Create | Villager (Male) |
| 20:22 | Research | Bloodlines |
| 20:33 | Build | Farm |
| 20:33 | Build | Farm |
| 20:33 | Build | Farm |
| 20:33 | Build | Farm |
| 20:34 | Build | Farm |
| 20:48 | Create | Villager (Male) |
| 20:52 | Build | Farm |
| 21:25 | Create | Villager (Male) |
| 21:43 | Create | Villager (Male) |
| 21:44 | Create | Villager (Male) |
| 22:00 | Build | Farm |
| 22:03 | Build | Farm |
| 22:04 | Create | Villager (Male) |
| 22:31 | Create | Scout Cavalry |
| 22:33 | Create | Scout Cavalry |
| 22:38 | Create | Villager (Male) |
| 22:41 | Build | House |
| 22:42 | Build | House |
| 22:44 | Build | House |
| 23:28 | Create | Villager (Male) |
| 23:28 | Create | Villager (Male) |
| 23:33 | Build | Farm |
| 23:36 | Build | Farm |
| 23:37 | Create | Villager (Male) |
| 23:39 | Build | Farm |
| 24:20 | Create | Villager (Male) |
| 24:52 | Build | Market |
| 25:15 | Create | Villager (Male) |
| 25:24 | Research | Castle Age |
| 25:53 | Build | Farm |
| 25:55 | Build | Farm |
| 26:30 | Build | Farm |
| 26:33 | Research | Forging |
| 26:39 | Create | Scout Cavalry |
| 26:40 | Create | Scout Cavalry |
| 26:59 | Research | Horse Collar |
| 27:00 | Research | Horse Collar |
| 27:40 | Create | Villager (Male) |
| 27:42 | Create | Villager (Male) |
| 27:47 | Create | Villager (Male) |
| 28:03 | Age | Castle Age |
| 28:07 | Create | Knight |
| 28:07 | Create | Knight |
| 28:09 | Create | Knight |
| 28:21 | Build | Town Center |
| 28:25 | Create | Villager (Male) |
| 28:26 | Create | Villager (Male) |
| 28:39 | Create | Knight |
| 28:40 | Create | Knight |
| 28:40 | Create | Knight |
| 28:42 | Create | Knight |
| 28:57 | Build | Farm |
| 28:59 | Build | Farm |
| 29:03 | Build | Farm |
| 29:06 | Build | Farm |
| 29:06 | Build | Farm |
| 29:14 | Create | Knight |
| 29:15 | Create | Knight |
| 29:20 | Build | House |
| 29:22 | Build | House |
| 29:24 | Build | House |
| 29:36 | Research | Chain Barding Armor |
| 29:50 | Build | Mining Camp |
| 29:54 | Create | Knight |
| 30:13 | Create | Knight |
| 30:21 | Create | Villager (Male) |
| 30:36 | Build | Town Center |
Build order — mr.greeeeen
First 150 of 287 actions detected
| 1:00 | Build | Palisade Wall |
| 1:08 | Build | Palisade Wall |
| 1:10 | Build | Palisade Wall |
| 1:16 | Build | Palisade Wall |
| 1:17 | Build | Palisade Wall |
| 2:18 | Build | Town Center |
| 5:11 | Create | Villager (Male) |
| 5:11 | Create | Villager (Male) |
| 5:11 | Create | Villager (Male) |
| 5:11 | Create | Villager (Male) |
| 5:12 | Create | Villager (Male) |
| 5:12 | Create | Villager (Male) |
| 5:12 | Create | Villager (Male) |
| 5:19 | Build | House |
| 5:26 | Build | Palisade Wall |
| 6:03 | Create | Villager (Male) |
| 6:55 | Create | Villager (Male) |
| 7:01 | Create | Villager (Male) |
| 7:02 | Create | Villager (Male) |
| 7:27 | Build | House |
| 8:24 | Create | Villager (Male) |
| 8:57 | Create | Villager (Male) |
| 9:30 | Build | House |
| 9:35 | Build | House |
| 9:43 | Create | Villager (Male) |
| 9:49 | Research | Loom |
| 10:11 | Create | Villager (Male) |
| 10:14 | Create | Villager (Male) |
| 10:26 | Build | Mill |
| 10:47 | Create | Villager (Male) |
| 11:11 | Research | Loom |
| 11:13 | Create | Villager (Male) |
| 11:14 | Build | House |
| 11:25 | Create | Villager (Male) |
| 11:44 | Build | House |
| 11:55 | Build | House |
| 12:04 | Create | Villager (Male) |
| 12:07 | Build | House |
| 12:16 | Create | Villager (Male) |
| 12:18 | Build | House |
| 12:37 | Build | House |
| 12:55 | Create | Villager (Male) |
| 13:00 | Create | Villager (Male) |
| 13:26 | Build | Lumber Camp |
| 13:54 | Create | Villager (Male) |
| 14:25 | Create | Villager (Male) |
| 14:26 | Research | Feudal Age |
| 14:41 | Build | Mill |
| 15:30 | Build | Barracks |
| 15:46 | Create | Villager (Male) |
| 16:08 | Build | Palisade Wall |
| 16:26 | Build | Palisade Wall |
| 16:28 | Build | Palisade Wall |
| 16:30 | Build | Palisade Wall |
| 16:31 | Build | Palisade Wall |
| 16:38 | Build | Palisade Wall |
| 16:51 | Build | House |
| 16:59 | Create | Villager (Male) |
| 17:10 | Age | Feudal Age |
| 17:16 | Build | Market |
| 17:25 | Build | Stable |
| 17:35 | Research | Double-Bit Axe |
| 17:45 | Create | Spearman |
| 17:53 | Create | Villager (Male) |
| 17:57 | Build | House |
| 17:59 | Build | House |
| 18:00 | Build | House |
| 18:07 | Research | Castle Age |
| 18:36 | Create | Villager (Male) |
| 18:50 | Create | Spearman |
| 19:08 | Create | Spearman |
| 19:17 | Create | Spearman |
| 19:29 | Create | Spearman |
| 19:35 | Build | Palisade Wall |
| 19:56 | Build | House |
| 19:57 | Build | House |
| 19:58 | Build | House |
| 20:00 | Create | Spearman |
| 20:14 | Build | Mining Camp |
| 20:34 | Create | Spearman |
| 20:45 | Research | Bloodlines |
| 20:54 | Build | Stable |
| 21:04 | Research | Horse Collar |
| 21:05 | Age | Castle Age |
| 21:11 | Create | Villager (Male) |
| 21:59 | Research | Husbandry |
| 22:00 | Create | Knight |
| 22:00 | Create | Knight |
| 22:12 | Build | Town Center |
| 22:33 | Build | House |
| 22:44 | Create | Villager (Male) |
| 22:46 | Create | Villager (Male) |
| 23:56 | Create | Villager (Male) |
| 24:13 | Create | Knight |
| 24:29 | Build | Lumber Camp |
| 24:44 | Create | Villager (Male) |
| 24:48 | Create | Knight |
| 25:07 | Create | Villager (Male) |
| 25:27 | Create | Villager (Male) |
| 25:49 | Create | Villager (Male) |
| 25:49 | Create | Villager (Male) |
| 25:49 | Create | Villager (Male) |
| 26:13 | Build | Farm |
| 26:17 | Build | Farm |
| 26:23 | Create | Villager (Male) |
| 26:24 | Create | Villager (Male) |
| 26:24 | Create | Villager (Male) |
| 26:24 | Create | Villager (Male) |
| 26:57 | Create | Villager (Male) |
| 26:58 | Create | Villager (Male) |
| 26:58 | Create | Villager (Male) |
| 26:58 | Create | Villager (Male) |
| 27:02 | Build | Farm |
| 27:30 | Build | Lumber Camp |
| 27:35 | Create | Villager (Male) |
| 27:35 | Create | Villager (Male) |
| 27:54 | Create | Spearman |
| 28:00 | Create | Villager (Male) |
| 28:00 | Create | Villager (Male) |
| 28:31 | Create | Spearman |
| 28:34 | Create | Villager (Male) |
| 28:35 | Create | Villager (Male) |
| 28:35 | Create | Villager (Male) |
| 29:03 | Build | Farm |
| 29:06 | Build | Farm |
| 29:11 | Build | Farm |
| 29:14 | Create | Villager (Male) |
| 29:14 | Create | Villager (Male) |
| 29:38 | Build | Farm |
| 29:41 | Build | Farm |
| 29:45 | Build | Farm |
| 29:51 | Build | Farm |
| 30:03 | Create | Villager (Male) |
| 30:03 | Create | Villager (Male) |
| 30:03 | Create | Villager (Male) |
| 30:24 | Create | Villager (Male) |
| 30:24 | Create | Villager (Male) |
| 31:08 | Create | Knight |
| 31:08 | Create | Knight |
| 31:16 | Build | Farm |
| 31:19 | Build | Farm |
| 31:20 | Build | Farm |
| 31:27 | Create | Villager (Male) |
| 31:54 | Build | Town Center |
| 31:57 | Create | Villager (Male) |
| 31:57 | Create | Villager (Male) |
| 32:12 | Create | Villager (Male) |
| 32:13 | Create | Villager (Male) |
| 32:17 | Build | Farm |
| 32:38 | Research | Gold Mining |
Build order — KIV.4dd44
First 150 of 328 actions detected
| 0:38 | Build | Town Center |
| 1:17 | Build | House |
| 3:08 | Create | Villager (Male) ×4 |
| 3:35 | Build | Palisade Wall |
| 3:40 | Build | Palisade Wall |
| 3:43 | Build | Palisade Wall |
| 4:40 | Build | House |
| 5:04 | Create | Villager (Male) |
| 5:04 | Create | Villager (Male) |
| 5:06 | Build | Lumber Camp |
| 5:19 | Create | Villager (Male) |
| 5:50 | Create | Villager (Male) |
| 5:51 | Create | Villager (Male) |
| 6:47 | Create | Villager (Male) |
| 6:48 | Create | Villager (Male) |
| 6:48 | Create | Villager (Male) |
| 7:19 | Create | Villager (Male) |
| 7:29 | Build | House |
| 7:30 | Build | Mill |
| 7:37 | Create | Villager (Male) |
| 7:46 | Create | Villager (Male) |
| 7:57 | Build | House |
| 8:10 | Build | House |
| 8:11 | Build | Palisade Wall |
| 8:17 | Create | Villager (Male) |
| 8:34 | Create | Villager (Male) |
| 8:35 | Create | Villager (Male) |
| 9:09 | Create | Villager (Male) |
| 10:16 | Create | Villager (Male) |
| 10:56 | Create | Villager (Male) |
| 10:57 | Create | Villager (Male) |
| 11:32 | Build | Mining Camp |
| 11:50 | Research | Loom |
| 11:54 | Create | Villager (Male) |
| 12:10 | Build | Barracks |
| 12:32 | Research | Feudal Age |
| 13:35 | Create | Villager (Male) |
| 13:35 | Create | Villager (Male) |
| 14:50 | Age | Feudal Age |
| 14:52 | Build | Stable |
| 15:04 | Build | House |
| 15:08 | Build | Blacksmith |
| 15:37 | Create | Spearman |
| 15:45 | Research | Castle Age |
| 16:03 | Research | Double-Bit Axe |
| 16:07 | Create | Spearman |
| 16:11 | Create | Scout Cavalry |
| 16:24 | Build | Palisade Wall |
| 16:37 | Create | Scout Cavalry |
| 17:03 | Create | Scout Cavalry |
| 17:11 | Create | Villager (Male) |
| 17:38 | Create | Villager (Male) |
| 18:25 | Age | Castle Age |
| 18:28 | Create | Villager (Male) |
| 18:35 | Build | Castle |
| 18:41 | Create | Villager (Male) |
| 18:46 | Research | Bow Saw |
| 18:55 | Create | Villager (Male) |
| 19:22 | Create | Villager (Male) |
| 19:42 | Create | Villager (Male) |
| 20:07 | Build | Town Center |
| 20:36 | Create | Camel Archer ×5 |
| 20:43 | Create | Villager (Male) ×3 |
| 20:58 | Create | Camel Archer ×3 |
| 21:12 | Create | Camel Archer |
| 21:15 | Build | Town Center |
| 21:26 | Create | Villager (Male) ×3 |
| 21:54 | Create | Camel Archer |
| 21:54 | Create | Camel Archer |
| 21:54 | Create | Camel Archer |
| 22:06 | Create | Villager (Male) |
| 22:25 | Create | Villager (Male) ×2 |
| 22:29 | Create | Villager (Male) ×2 |
| 22:58 | Research | Fletching |
| 23:18 | Create | Villager (Male) ×3 |
| 23:19 | Create | Camel Archer ×5 |
| 23:20 | Create | Camel Archer ×5 |
| 23:20 | Create | Camel Archer ×2 |
| 23:35 | Research | Horse Collar |
| 23:57 | Build | Mill |
| 24:03 | Create | Camel Archer ×5 |
| 24:04 | Create | Villager (Male) ×3 |
| 24:10 | Create | Villager (Male) |
| 24:14 | Build | Farm |
| 24:18 | Build | Farm |
| 24:20 | Build | Farm |
| 24:35 | Create | Villager (Male) ×2 |
| 25:01 | Create | Villager (Male) ×2 |
| 25:03 | Create | Villager (Male) |
| 25:04 | Build | House |
| 25:12 | Create | Camel Archer ×5 |
| 25:26 | Create | Camel Archer |
| 25:27 | Create | Villager (Male) |
| 25:28 | Create | Villager (Male) |
| 25:32 | Build | Farm |
| 25:37 | Build | Farm |
| 25:39 | Build | Farm |
| 25:40 | Create | Villager (Male) |
| 25:48 | Create | Villager (Male) ×2 |
| 26:11 | Research | Wheelbarrow |
| 26:14 | Research | Town Watch |
| 26:14 | Research | Town Watch |
| 26:15 | Create | Villager (Male) |
| 26:17 | Build | House |
| 26:21 | Build | House |
| 26:21 | Build | House |
| 26:22 | Build | House |
| 26:22 | Build | House |
| 26:23 | Build | House |
| 26:23 | Build | House |
| 26:23 | Build | House |
| 26:24 | Build | House |
| 26:30 | Build | Farm |
| 26:32 | Build | Farm |
| 26:34 | Build | Farm |
| 26:37 | Build | Farm |
| 26:38 | Build | Farm |
| 26:39 | Build | Farm |
| 26:40 | Build | Farm |
| 26:41 | Build | Farm |
| 26:42 | Create | Villager (Male) ×5 |
| 26:44 | Build | Farm |
| 26:47 | Create | Villager (Male) ×4 |
| 26:53 | Create | Camel Archer |
| 27:21 | Create | Villager (Male) ×5 |
| 27:26 | Create | Villager (Male) ×2 |
| 27:35 | Build | Farm |
| 27:53 | Create | Villager (Male) ×2 |
| 27:54 | Create | Villager (Male) |
| 28:00 | Create | Villager (Male) |
| 28:00 | Create | Camel Archer ×5 |
| 28:05 | Build | Mining Camp |
| 28:07 | Build | Monastery |
| 28:08 | Build | Farm |
| 28:13 | Build | Farm |
| 28:29 | Create | Villager (Male) ×4 |
| 28:37 | Build | Siege Workshop |
| 28:50 | Build | Mining Camp |
| 28:52 | Create | Villager (Male) ×5 |
| 29:00 | Build | Lumber Camp |
| 29:03 | Create | Villager (Male) ×5 |
| 29:10 | Build | Farm |
| 29:11 | Create | Monk |
| 29:22 | Create | Battering Ram |
| 29:22 | Create | Battering Ram |
| 29:37 | Create | Monk |
| 29:42 | Build | Mining Camp |
| 29:52 | Build | House |
| 29:53 | Build | House |
| 29:54 | Build | House |
Build order — grapejuice
First 150 of 456 actions detected
| 0:56 | Build | Town Center |
| 3:05 | Research | Loom |
| 3:40 | Create | Villager (Male) |
| 4:04 | Create | Villager (Male) |
| 4:04 | Create | Villager (Male) |
| 4:04 | Create | Villager (Male) |
| 4:26 | Create | Villager (Male) |
| 4:26 | Create | Villager (Male) |
| 4:27 | Create | Villager (Male) |
| 4:54 | Create | Villager (Male) |
| 4:55 | Create | Villager (Male) |
| 5:19 | Create | Villager (Male) |
| 5:19 | Create | Villager (Male) |
| 5:37 | Create | Villager (Male) |
| 5:38 | Create | Villager (Male) |
| 5:51 | Build | Lumber Camp |
| 6:02 | Create | Villager (Male) |
| 6:02 | Create | Villager (Male) |
| 6:24 | Create | Villager (Male) |
| 6:25 | Create | Villager (Male) |
| 6:32 | Build | House |
| 6:38 | Build | House |
| 6:52 | Create | Villager (Male) |
| 6:53 | Create | Villager (Male) |
| 7:20 | Create | Villager (Male) |
| 7:20 | Create | Villager (Male) |
| 7:20 | Create | Villager (Male) |
| 8:13 | Create | Villager (Male) |
| 8:14 | Create | Villager (Male) |
| 8:23 | Build | Mill |
| 8:41 | Create | Villager (Male) |
| 8:54 | Build | House |
| 9:21 | Create | Villager (Male) |
| 9:46 | Create | Villager (Male) |
| 11:08 | Research | Feudal Age |
| 11:14 | Build | Barracks |
| 12:35 | Build | House |
| 13:06 | Create | Villager (Male) |
| 13:18 | Age | Feudal Age |
| 13:22 | Build | Stable |
| 13:27 | Research | Double-Bit Axe |
| 13:29 | Create | Villager (Male) |
| 13:59 | Create | Spearman |
| 14:10 | Build | Mill |
| 14:20 | Create | Villager (Male) |
| 14:20 | Create | Villager (Male) |
| 14:23 | Create | Scout Cavalry |
| 14:23 | Create | Scout Cavalry |
| 14:24 | Create | Scout Cavalry |
| 14:28 | Create | Villager (Male) |
| 15:02 | Research | Horse Collar |
| 15:08 | Build | Farm |
| 15:11 | Create | Villager (Male) |
| 15:18 | Build | House |
| 15:22 | Research | Town Watch |
| 15:46 | Create | Villager (Male) |
| 15:46 | Create | Villager (Male) |
| 15:50 | Create | Militia |
| 15:52 | Create | Spearman |
| 15:56 | Build | House |
| 15:58 | Create | Villager (Male) |
| 15:58 | Create | Villager (Male) |
| 16:07 | Build | Palisade Wall |
| 16:56 | Create | Villager (Male) |
| 16:57 | Create | Villager (Male) |
| 17:27 | Build | Farm |
| 17:28 | Build | Farm |
| 17:28 | Build | Farm |
| 17:32 | Create | Spearman |
| 17:33 | Create | Spearman |
| 17:39 | Build | Palisade Gate |
| 17:44 | Create | Villager (Male) |
| 18:35 | Create | Villager (Male) |
| 18:35 | Create | Villager (Male) |
| 18:41 | Build | Mining Camp |
| 18:47 | Create | Villager (Male) |
| 18:55 | Build | Farm |
| 19:32 | Create | Villager (Male) |
| 19:44 | Create | Villager (Male) |
| 19:50 | Build | Farm |
| 19:51 | Build | Farm |
| 19:51 | Build | Farm |
| 19:59 | Build | Watch Tower |
| 20:02 | Create | Villager (Male) |
| 20:20 | Research | Wheelbarrow |
| 20:41 | Create | Villager (Male) |
| 21:04 | Build | Mill |
| 21:08 | Build | Farm |
| 21:08 | Build | Farm |
| 21:08 | Build | Farm |
| 21:08 | Build | Farm |
| 21:09 | Build | Farm |
| 21:09 | Build | Farm |
| 21:40 | Create | Villager (Male) |
| 21:48 | Create | Villager (Male) |
| 21:56 | Create | Villager (Male) |
| 22:07 | Build | Market |
| 22:21 | Build | House |
| 22:37 | Build | House |
| 22:42 | Build | Blacksmith |
| 23:10 | Create | Villager (Male) |
| 23:25 | Research | Castle Age |
| 26:05 | Age | Castle Age |
| 26:13 | Build | Town Center |
| 26:35 | Build | Town Center |
| 26:56 | Create | Villager (Male) |
| 26:56 | Create | Villager (Male) |
| 27:26 | Build | House |
| 27:38 | Create | Villager (Male) |
| 27:39 | Create | Villager (Male) |
| 28:01 | Create | Villager (Male) |
| 28:01 | Create | Villager (Male) |
| 28:01 | Create | Villager (Male) |
| 28:01 | Create | Villager (Male) |
| 28:30 | Create | Villager (Male) |
| 28:31 | Create | Villager (Male) |
| 28:31 | Create | Villager (Male) |
| 28:31 | Create | Villager (Male) |
| 28:31 | Create | Villager (Male) |
| 28:32 | Create | Villager (Male) |
| 28:41 | Create | Villager (Male) |
| 28:41 | Create | Villager (Male) |
| 28:42 | Create | Villager (Male) |
| 28:42 | Create | Villager (Male) |
| 28:42 | Create | Villager (Male) |
| 28:45 | Create | Villager (Male) |
| 29:01 | Build | Mill |
| 29:50 | Create | Villager (Male) |
| 29:51 | Create | Villager (Male) |
| 29:51 | Create | Villager (Male) |
| 29:51 | Create | Villager (Male) |
| 29:51 | Create | Villager (Male) |
| 29:52 | Create | Villager (Male) |
| 29:52 | Create | Villager (Male) |
| 29:52 | Create | Villager (Male) |
| 30:12 | Build | Town Center |
| 30:33 | Create | Villager (Male) |
| 31:11 | Create | Villager (Male) |
| 31:11 | Create | Villager (Male) |
| 31:12 | Create | Villager (Male) |
| 31:12 | Create | Villager (Male) |
| 31:12 | Create | Villager (Male) |
| 31:12 | Create | Villager (Male) |
| 31:13 | Create | Villager (Male) |
| 31:30 | Create | Villager (Male) |
| 31:30 | Create | Villager (Male) |
| 31:45 | Build | Farm |
| 31:45 | Build | Farm |
| 31:45 | Build | Farm |
| 31:45 | Build | Farm |
Build order — Ivan_fan_of_Mafusail
First 150 of 362 actions detected
| 0:35 | Build | Town Center |
| 1:59 | Build | House |
| 2:52 | Create | Villager (Male) |
| 2:53 | Create | Villager (Male) |
| 2:53 | Create | Villager (Male) |
| 2:53 | Create | Villager (Male) |
| 4:46 | Research | Loom |
| 5:17 | Create | Villager (Male) |
| 5:17 | Create | Villager (Male) |
| 5:49 | Create | Villager (Male) |
| 5:49 | Create | Villager (Male) |
| 5:50 | Create | Villager (Male) |
| 5:55 | Build | House |
| 6:22 | Create | Villager (Male) |
| 6:57 | Build | Mill |
| 6:59 | Create | Villager (Male) |
| 7:00 | Create | Villager (Male) |
| 7:00 | Create | Villager (Male) |
| 7:24 | Create | Villager (Male) |
| 7:45 | Build | House |
| 8:05 | Create | Villager (Male) |
| 8:05 | Create | Villager (Male) |
| 8:06 | Create | Villager (Male) |
| 8:41 | Create | Villager (Male) |
| 8:44 | Create | Villager (Male) |
| 9:03 | Create | Villager (Male) |
| 9:22 | Build | Mining Camp |
| 10:07 | Create | Villager (Male) |
| 10:26 | Build | House |
| 10:50 | Research | Feudal Age |
| 11:48 | Build | Barracks |
| 11:58 | Build | House |
| 12:25 | Create | Villager (Male) |
| 12:25 | Create | Villager (Male) |
| 13:00 | Age | Feudal Age |
| 13:20 | Build | Archery Range |
| 13:45 | Build | Blacksmith |
| 13:58 | Build | House |
| 14:03 | Create | Villager (Male) |
| 14:19 | Build | Lumber Camp |
| 15:07 | Research | Castle Age |
| 15:18 | Build | Archery Range |
| 15:46 | Create | Archer |
| 15:46 | Create | Archer |
| 16:36 | Create | Archer |
| 16:36 | Create | Archer |
| 17:07 | Create | Archer |
| 17:11 | Research | Double-Bit Axe |
| 17:43 | Create | Archer |
| 17:44 | Create | Archer |
| 17:47 | Age | Castle Age |
| 17:48 | Build | House |
| 17:53 | Build | Town Center |
| 18:00 | Build | Town Center |
| 18:02 | Create | Archer |
| 18:03 | Create | Archer |
| 18:10 | Create | Villager (Male) |
| 18:12 | Create | Villager (Male) |
| 18:30 | Create | Archer |
| 18:52 | Create | Archer |
| 19:09 | Build | House |
| 19:10 | Build | House |
| 19:12 | Build | House |
| 19:21 | Create | Villager (Male) |
| 19:21 | Create | Villager (Male) |
| 19:27 | Create | Archer |
| 19:30 | Create | Villager (Male) |
| 19:35 | Build | Farm |
| 19:36 | Build | Farm |
| 19:43 | Create | Villager (Male) |
| 19:47 | Create | Archer |
| 20:16 | Research | Fletching |
| 20:23 | Create | Villager (Male) |
| 21:04 | Research | Crossbowman (upgrade) |
| 22:15 | Create | Villager (Male) |
| 22:15 | Create | Villager (Male) |
| 22:16 | Create | Villager (Male) |
| 22:17 | Create | Villager (Male) |
| 22:17 | Create | Villager (Male) |
| 22:17 | Create | Villager (Male) |
| 22:18 | Create | Villager (Male) |
| 22:19 | Create | Villager (Male) |
| 22:19 | Create | Villager (Male) |
| 22:38 | Build | Mill |
| 22:55 | Build | University |
| 23:02 | Research | Town Watch |
| 23:09 | Create | Villager (Male) |
| 23:50 | Create | Villager (Male) |
| 23:51 | Create | Villager (Male) |
| 23:52 | Create | Villager (Male) |
| 23:52 | Create | Villager (Male) |
| 23:52 | Create | Villager (Male) |
| 23:54 | Create | Villager (Male) |
| 23:54 | Create | Villager (Male) |
| 24:22 | Create | Archer |
| 24:22 | Create | Archer |
| 24:23 | Create | Archer |
| 24:23 | Create | Archer |
| 24:50 | Build | Town Center |
| 25:13 | Research | Bodkin Arrow |
| 25:17 | Create | Archer |
| 25:17 | Create | Archer |
| 25:17 | Create | Archer |
| 25:57 | Create | Archer |
| 25:57 | Create | Archer |
| 25:58 | Create | Archer |
| 25:58 | Create | Archer |
| 26:05 | Build | Lumber Camp |
| 26:11 | Create | Villager (Male) |
| 26:11 | Create | Villager (Male) |
| 26:12 | Create | Villager (Male) |
| 26:13 | Create | Villager (Male) |
| 26:17 | Create | Villager (Male) |
| 26:17 | Create | Villager (Male) |
| 26:17 | Create | Villager (Male) |
| 26:18 | Create | Villager (Male) |
| 26:30 | Create | Archer |
| 26:44 | Research | Padded Archer Armor |
| 26:46 | Create | Archer |
| 26:47 | Create | Archer |
| 27:07 | Research | Wheelbarrow |
| 27:13 | Build | House |
| 27:14 | Build | House |
| 27:15 | Build | House |
| 28:23 | Create | Villager (Male) |
| 28:23 | Create | Villager (Male) |
| 28:24 | Create | Villager (Male) |
| 28:24 | Create | Villager (Male) |
| 28:25 | Create | Villager (Male) |
| 28:25 | Create | Villager (Male) |
| 28:26 | Create | Villager (Male) |
| 28:26 | Create | Villager (Male) |
| 28:28 | Create | Archer |
| 28:28 | Create | Archer |
| 28:28 | Create | Archer |
| 28:29 | Create | Archer |
| 28:46 | Build | Town Center |
| 28:54 | Create | Villager (Male) |
| 28:54 | Create | Villager (Male) |
| 28:54 | Create | Villager (Male) |
| 28:59 | Create | Villager (Male) |
| 29:21 | Create | Villager (Male) |
| 30:01 | Build | Town Center |
| 30:06 | Create | Villager (Male) |
| 30:06 | Create | Villager (Male) |
| 30:08 | Create | Villager (Male) |
| 30:08 | Create | Villager (Male) |
| 30:11 | Create | Villager (Male) |
| 30:12 | Create | Villager (Male) |
| 30:22 | Create | Villager (Male) |
Build order — Lord Snow
First 150 of 237 actions detected
| 0:14 | Build | Town Center |
| 2:38 | Create | Villager (Male) |
| 2:38 | Create | Villager (Male) |
| 2:39 | Create | Villager (Male) |
| 2:39 | Create | Villager (Male) |
| 2:39 | Create | Villager (Male) |
| 3:10 | Research | Loom |
| 3:12 | Create | Villager (Male) |
| 3:12 | Create | Villager (Male) |
| 4:18 | Create | Villager (Male) |
| 4:24 | Create | Villager (Male) |
| 5:10 | Build | Lumber Camp |
| 5:27 | Create | Villager (Male) |
| 5:27 | Create | Villager (Male) |
| 5:41 | Create | Villager (Male) |
| 6:21 | Create | Villager (Male) |
| 6:21 | Create | Villager (Male) |
| 6:32 | Create | Villager (Male) |
| 7:31 | Create | Villager (Male) |
| 8:18 | Create | Villager (Male) |
| 8:48 | Build | Mill |
| 8:49 | Create | Villager (Male) |
| 9:30 | Research | Feudal Age |
| 10:13 | Build | Palisade Wall |
| 10:16 | Build | Palisade Wall |
| 10:19 | Build | Palisade Wall |
| 10:20 | Build | Palisade Wall |
| 10:31 | Build | Barracks |
| 11:38 | Create | Villager (Male) |
| 11:38 | Create | Villager (Male) |
| 11:40 | Age | Feudal Age |
| 11:47 | Create | Villager (Male) |
| 12:01 | Build | Stable |
| 12:22 | Create | Villager (Male) |
| 12:22 | Create | Villager (Male) |
| 12:41 | Create | Scout Cavalry ×5 |
| 13:07 | Create | Villager (Male) |
| 13:07 | Create | Villager (Male) |
| 13:25 | Research | Double-Bit Axe |
| 13:47 | Create | Villager (Male) |
| 13:54 | Build | Mining Camp |
| 13:54 | Create | Villager (Male) |
| 13:54 | Create | Villager (Male) |
| 14:06 | Create | Villager (Male) |
| 14:19 | Create | Scout Cavalry |
| 15:01 | Create | Villager (Male) |
| 15:01 | Create | Villager (Male) |
| 15:15 | Create | Villager (Male) |
| 15:28 | Build | Mill |
| 15:38 | Research | Bloodlines |
| 15:45 | Create | Villager (Male) |
| 15:52 | Create | Spearman |
| 15:52 | Create | Spearman |
| 16:26 | Create | Villager (Male) |
| 16:27 | Create | Villager (Male) |
| 16:30 | Build | Farm |
| 16:37 | Build | Farm |
| 17:04 | Create | Villager (Male) |
| 17:07 | Create | Scout Cavalry ×3 |
| 17:19 | Create | Villager (Male) |
| 17:22 | Build | Farm |
| 17:24 | Build | Farm |
| 17:27 | Build | Farm |
| 17:30 | Build | Farm |
| 17:32 | Build | Farm |
| 17:33 | Create | Villager (Male) |
| 17:50 | Create | Villager (Male) |
| 18:12 | Create | Villager (Male) |
| 18:16 | Create | Spearman |
| 18:16 | Create | Spearman |
| 18:21 | Create | Villager (Male) |
| 18:23 | Create | Scout Cavalry |
| 19:07 | Create | Villager (Male) |
| 19:09 | Create | Scout Cavalry ×3 |
| 19:29 | Create | Villager (Male) |
| 19:29 | Create | Villager (Male) |
| 19:33 | Build | Farm |
| 19:34 | Build | Farm |
| 19:34 | Build | Farm |
| 19:34 | Build | Farm |
| 19:34 | Build | Farm |
| 19:35 | Build | Farm |
| 19:51 | Create | Villager (Male) |
| 19:54 | Build | Farm |
| 19:57 | Create | Villager (Male) |
| 20:24 | Create | Villager (Male) |
| 20:43 | Create | Villager (Male) |
| 20:46 | Build | Market |
| 21:04 | Build | Farm |
| 21:17 | Build | Farm |
| 21:53 | Research | Castle Age |
| 22:13 | Build | Stable |
| 22:33 | Build | Watch Tower |
| 23:04 | Build | Palisade Wall |
| 23:48 | Create | Villager (Male) |
| 23:51 | Build | Farm |
| 24:23 | Research | Gold Mining |
| 24:23 | Create | Villager (Male) |
| 24:25 | Create | Villager (Male) |
| 24:33 | Build | Mill |
| 24:33 | Age | Castle Age |
| 24:42 | Create | Knight ×4 |
| 24:50 | Research | Husbandry |
| 25:07 | Create | Knight ×3 |
| 25:25 | Research | Wheelbarrow |
| 25:30 | Create | Villager (Male) |
| 25:39 | Build | Blacksmith |
| 25:59 | Create | Knight ×2 |
| 26:06 | Research | Scale Barding Armor |
| 26:23 | Create | Villager (Male) |
| 26:51 | Build | Town Center |
| 27:29 | Create | Villager (Male) |
| 27:29 | Create | Villager (Male) |
| 27:37 | Create | Knight ×4 |
| 28:34 | Create | Villager (Male) |
| 28:50 | Create | Villager (Male) ×5 |
| 29:08 | Create | Villager (Male) |
| 29:52 | Create | Villager (Male) |
| 29:52 | Create | Villager (Male) |
| 29:55 | Create | Villager (Male) ×2 |
| 30:07 | Build | Farm |
| 30:08 | Build | Farm |
| 30:08 | Build | Farm |
| 30:08 | Build | Farm |
| 30:08 | Build | Farm |
| 30:09 | Build | Farm |
| 30:09 | Build | Farm |
| 30:09 | Build | Farm |
| 30:23 | Research | Chain Barding Armor |
| 30:31 | Create | Villager (Male) |
| 30:32 | Create | Villager (Male) |
| 30:57 | Build | Town Center |
| 30:59 | Create | Villager (Male) |
| 30:59 | Create | Villager (Male) |
| 31:08 | Create | Knight ×2 |
| 31:09 | Create | Knight ×2 |
| 31:37 | Create | Villager (Male) |
| 31:37 | Create | Villager (Male) |
| 31:37 | Create | Villager (Male) |
| 31:38 | Create | Villager (Male) |
| 32:17 | Create | Villager (Male) |
| 32:17 | Create | Villager (Male) |
| 32:32 | Build | Town Center |
| 32:41 | Create | Villager (Male) |
| 33:10 | Create | Villager (Male) ×5 |
| 33:10 | Create | Villager (Male) ×5 |
| 33:19 | Research | Fletching |
| 33:30 | Build | Castle |
| 34:17 | Research | Bodkin Arrow |
| 34:42 | Create | Knight ×4 |
Match timeline
| 1:00 | mr.greeeeen · wall_segment Palisade Wall x1 |
| 1:08 | mr.greeeeen · wall_segment Palisade Wall x1 |
| 1:10 | mr.greeeeen · wall_segment Palisade Wall x1 |
| 1:16 | mr.greeeeen · wall_segment Palisade Wall x1 |
| 1:17 | mr.greeeeen · wall_segment Palisade Wall x1 |
| 3:35 | KIV.4dd44 · wall_segment Palisade Wall x1 |
| 3:40 | KIV.4dd44 · wall_segment Palisade Wall x1 |
| 3:43 | KIV.4dd44 · wall_segment Palisade Wall x1 |
| 5:26 | mr.greeeeen · wall_segment Palisade Wall x1 |
| 6:42 | twitch.tv/s0laf1d3 · first_building Dock |
| 8:11 | KIV.4dd44 · wall_segment Palisade Wall x1 |
| 9:58 | KIV.Theo · wall_segment Palisade Wall x1 |
| 10:03 | KIV.Theo · wall_segment Palisade Wall x1 |
| 10:06 | KIV.Theo · wall_segment Palisade Wall x1 |
| 10:13 | Lord Snow · wall_segment Palisade Wall x1 |
| 10:16 | Lord Snow · wall_segment Palisade Wall x4 |
| 10:19 | Lord Snow · wall_segment Palisade Wall x5 |
| 10:20 | Lord Snow · wall_segment Palisade Wall x6 |
| 10:31 | Lord Snow · first_building Barracks |
| 11:14 | grapejuice · first_building Barracks |
| 11:15 | krishbinp · first_building Barracks |
| 11:40 | Lord Snow · age_up feudal |
| 11:48 | Ivan_fan_of_Mafusail · first_building Barracks |
| 11:59 | krishbinp · age_up feudal |
| 12:01 | Lord Snow · first_building Stable |
| 12:10 | KIV.4dd44 · first_building Barracks |
| 12:31 | twitch.tv/s0laf1d3 · wall_segment Palisade Wall x4 |
| 12:33 | krishbinp · first_building Stable |
| 12:33 | twitch.tv/s0laf1d3 · wall_segment Palisade Wall x9 |
| 12:44 | KIV.Theo · age_up feudal |
| 13:00 | Ivan_fan_of_Mafusail · age_up feudal |
| 13:18 | grapejuice · age_up feudal |
| 13:20 | Ivan_fan_of_Mafusail · first_building Archery Range |
| 13:22 | grapejuice · first_building Stable |
| 14:34 | twitch.tv/s0laf1d3 · age_up feudal |
| 14:50 | KIV.4dd44 · age_up feudal |
| 14:52 | KIV.4dd44 · first_building Stable |
| 15:30 | mr.greeeeen · first_building Barracks |
| 16:07 | grapejuice · wall_segment Palisade Wall x12 |
| 16:08 | mr.greeeeen · wall_segment Palisade Wall x3 |
| 16:09 | krishbinp · wall_segment Palisade Wall x4 |
| 16:16 | KIV.Theo · age_up castle |
| 16:24 | KIV.4dd44 · wall_segment Palisade Wall x1 |
| 16:26 | mr.greeeeen · wall_segment Palisade Wall x1 |
| 16:28 | mr.greeeeen · wall_segment Palisade Wall x1 |
| 16:30 | mr.greeeeen · wall_segment Palisade Wall x1 |
| 16:31 | mr.greeeeen · wall_segment Palisade Wall x1 |
| 16:38 | mr.greeeeen · wall_segment Palisade Wall x1 |
| 17:10 | mr.greeeeen · age_up feudal |
| 17:16 | twitch.tv/s0laf1d3 · first_market_sell 100 food |
| 17:25 | mr.greeeeen · first_building Stable |
| 17:47 | Ivan_fan_of_Mafusail · age_up castle |
| 18:05 | KIV.Theo · first_building Castle |
| 18:25 | KIV.4dd44 · age_up castle |
| 18:35 | KIV.4dd44 · first_building Castle |
| 18:38 | KIV.Theo · first_market_sell 100 wood |
| 19:01 | KIV.Theo · first_market_buy 100 food |
| 19:35 | mr.greeeeen · wall_segment Palisade Wall x1 |
| 20:09 | twitch.tv/s0laf1d3 · age_up castle |
| 20:42 | twitch.tv/s0laf1d3 · first_market_buy 100 wood |
| 21:05 | mr.greeeeen · age_up castle |
| 21:05 | KIV.Theo · first_building Dock |
| 21:15 | twitch.tv/s0laf1d3 · first_building Monastery |
| 21:27 | Lord Snow · first_market_buy 100 food |
| 21:30 | Lord Snow · first_market_sell 100 stone |
| 22:33 | KIV.Theo · first_building Siege Workshop |
| 23:04 | Lord Snow · wall_segment Palisade Wall x1 |
| 23:53 | twitch.tv/s0laf1d3 · first_building Siege Workshop |
| 23:53 | mr.greeeeen · first_market_sell 100 wood |
| 23:55 | mr.greeeeen · first_market_buy 100 food |
| 24:11 | twitch.tv/s0laf1d3 · first_building Barracks |
| 24:33 | Lord Snow · age_up castle |
| 25:01 | grapejuice · first_market_sell 100 wood |
| 25:03 | grapejuice · first_market_buy 100 stone |
| 25:23 | krishbinp · first_market_buy 100 food |
| 25:39 | twitch.tv/s0laf1d3 · first_building Archery Range |
| 26:05 | grapejuice · age_up castle |
| 28:03 | krishbinp · age_up castle |
| 28:07 | KIV.4dd44 · first_building Monastery |
| 28:37 | KIV.4dd44 · first_building Siege Workshop |
| 32:08 | Ivan_fan_of_Mafusail · first_market_sell 100 wood |
| 32:31 | twitch.tv/s0laf1d3 · first_building Castle |
| 32:54 | KIV.Theo · first_building Barracks |
| 33:11 | mr.greeeeen · wall_segment Palisade Wall x1 |
| 33:21 | KIV.4dd44 · first_building Archery Range |
| 33:30 | Lord Snow · first_building Castle |
| 33:52 | Ivan_fan_of_Mafusail · first_market_buy 100 wood |
| 34:39 | KIV.Theo · age_up imperial |
| 34:59 | KIV.4dd44 · age_up imperial |
| 35:14 | KIV.Theo · first_building Archery Range |
| 36:05 | Ivan_fan_of_Mafusail · first_building Monastery |
| 37:26 | Lord Snow · first_building Siege Workshop |
| 39:03 | twitch.tv/s0laf1d3 · age_up imperial |
| 39:34 | grapejuice · first_building Siege Workshop |
| 39:44 | krishbinp · first_market_sell 100 food |
| 40:01 | grapejuice · first_building Archery Range |
| 40:15 | Ivan_fan_of_Mafusail · first_building Castle |
| 40:43 | Ivan_fan_of_Mafusail · age_up imperial |
| 41:18 | krishbinp · first_building Monastery |
| 41:38 | KIV.Theo · first_building Stable |
| 41:56 | Lord Snow · wall_segment Palisade Wall x1 |
| 41:59 | Lord Snow · wall_segment Palisade Wall x1 |
| 42:31 | grapejuice · first_building Castle |
| 44:32 | krishbinp · age_up imperial |
| 48:22 | grapejuice · age_up imperial |
| 48:37 | twitch.tv/s0laf1d3 · resign |
[ AI ANALYSIS · 1 CREDIT ]
What really happened in this match?
Wolo.gg analyzes every decision: build order, eco, micro, common mistakes by bracket. Personalized analysis on WhatsApp or Discord in 30 seconds.
Civ guide
Italians
Perfil
Jugador #1330408